 Dungeon Crawl Stone Soup version 0.29.1-13-g9f3cf754e1 (webtiles) character file.

Game seed: 5631344393660801852

889 Exodus22XD the Poker (level 7, -4/52 HPs)
             Began as a Demonspawn Gladiator on Feb 3, 2023.
             Was a Believer of Uskayaw.
             Engulfed by a steam dragon's steam (5 damage)
             ... on level 5 of the Dungeon.
             The game lasted 00:06:36 (5121 turns).

Exodus22XD the Poker (Demonspawn Gladiator)         Turns: 5121, Time: 00:06:37

Health: -4/52      AC: 11    Str: 22    XL:     7   Next: 77%
Magic:  16/16      EV: 11    Int: 15    God:    Uskayaw [**....]
Gold:   154        SH:  0    Dex: 15    Spells: 6/6 levels left

rFire   . . .      SeeInvis .   a - +0 trident
rCold   . . .      Faith    .   (no shield)
rNeg    . . .      Spirit   .   n - +0 scale mail
rPois   +          Reflect  .   (helmet restricted)
rElec   .          Harm     .   (no cloak)
rCorr   .          Rampage  .   o - +0 pair of gloves
Will    .....                   (no boots)
Stlth   ..........              (no amulet)
HPRegen 0.17/turn               c - ring "Feisa" {rPois rF- MP+9 Str+6 Int+6}
MPRegen 0.15/turn               y - ring of protection from fire

@: studying Earth Magic
A: antennae 1, icy blue scales 2, ignite blood 1
a: Renounce Religion, Stomp, Line Pass


You were on level 5 of the Dungeon.
You worshipped Uskayaw.
Uskayaw was noncommittal.
You visited 2 branches of the dungeon, and saw 6 of its levels.

You collected 182 gold pieces.
You spent 28 gold pieces at shops.

Inventory:

Hand Weapons
 a - a +0 trident (weapon)
Missiles
 d - 3 throwing nets (quivered)
 e - a javelin
 q - 5 silver javelins
Armour
 n - a +0 scale mail (worn)
 o - a +0 pair of gloves (worn)
Jewellery
 c - the ring "Feisa" (left hand) {rPois rF- MP+9 Str+6 Int+6}
   (You acquired it on level 5 of the Dungeon)

   [ring of intelligence]

   Str:       It affects your strength (+6).
   Int:       It affects your intelligence (+6).
   rF:        It makes you vulnerable to fire.
   rPois:     It protects you from poison.
   MP:        It affects your magic capacity (+9).
 y - a ring of protection from fire (right hand)
Wands
 h - a wand of charming (7)
Scrolls
 f - 2 scrolls of poison
 i - 2 scrolls of butterflies {unknown}
 j - 2 scrolls of enchant weapon {unknown}
 m - 3 scrolls of fear {unknown}
 p - 2 scrolls of immolation {unknown}
 s - 2 scrolls of teleportation {unknown}
 u - a scroll of magic mapping {unknown}
 v - a scroll of vulnerability {unknown}
Potions
 b - a potion of brilliance {unknown}
 g - 3 potions of attraction
 k - a potion of curing {unknown}
 r - a potion of resistance {unknown}
 t - a potion of haste {unknown}
 w - a potion of flight {unknown}
 x - 2 potions of heal wounds


   Skills:
 + Level 3.6 Fighting
 + Level 6.2 Polearms
 - Level 1.7 Throwing
 * Level 4.0 Armour
 + Level 3.6 Dodging
 + Level 1.0 Stealth


You had 6 spell levels left.
You didn't know any spells.
Your spell library was empty.

Dungeon Overview and Level Annotations

Branches:
Dungeon (5/15)             Temple (1/1) D:5

Altars:
Cheibriados
Dithmenos
Fedhas
Gozag
Kikubaaqudgha
Makhleb
Nemelex Xobeh
Okawaru
Qazlal
Ru
Trog
Uskayaw
Vehumet
Wu Jian
Xom

Shops:
D:2 *   D:5 *

Annotations:
D:2 1 runed translucent door, Crazy Yiuf


Innate Abilities, Weirdness & Mutations

You have a pair of small antennae on your head.
You are mostly covered in icy blue scales. (AC +3)
Your demonic aura sometimes causes spilled blood to erupt in flames.


Message History

You hit the steam dragon but do no damage.
The steam dragon misses you.
The steam dragon claws you but does no damage.
A steam dragon is nearby!
You barely miss the steam dragon. The steam dragon closely misses you. x2
You hit the steam dragon but do no damage.
The steam dragon bites you but does no damage.
The steam dragon claws you but does no damage.
You closely miss the steam dragon. The steam dragon closely misses you.
The steam dragon claws you.
A steam dragon is nearby!
You puncture the steam dragon!
The steam dragon is heavily wounded.
The steam dragon breathes steam at you. The ball of steam hits you!
You can now stomp with the beat.
You are too injured to fight recklessly!
The steam dragon bites you but does no damage.
The steam dragon claws you.
You closely miss the steam dragon.
The steam dragon is heavily wounded.
The steam dragon completely misses you.
The steam dragon claws you but does no damage.
You barely miss the steam dragon.
The steam dragon is heavily wounded.
The steam dragon barely misses you. x2
You hit the steam dragon.
The steam dragon is severely wounded.
The steam dragon closely misses you.
The steam dragon claws you but does no damage.
You can now pass through a line of other dancers.
You closely miss the steam dragon.
The steam dragon is severely wounded.
The steam dragon breathes steam at you. The ball of steam hits you!
* * * LOW HITPOINT WARNING * * *
You hit the steam dragon but do no damage.
The steam dragon is severely wounded.
You are engulfed in a cloud of scalding steam.
You die...

#......#......^..#..
#......#.........#..
#......#.......>.#..
#......#.........#..
#......#.........#..
#.....########'###..
###'#### #.....##
#..§D..# #.....#
#§.@...+ #.....#
#.§§...# #.....#
#§.....# #..<..#
#......# #.....#
#......# #.....#
######## #.....#
#######


You could see a steam dragon (catching breath).

Vanquished Creatures
  A black bear (D:4)
  A scorpion (D:4)
  5 necrophages
  A water moccasin zombie (D:4)
  2 hounds
  2 jellies (D:4)
  2 hound zombies (D:4)
  Robin (D:2)
  4 gnolls
  8 adders
  An ufetubus (D:5)
  An adder zombie (D:4)
  2 worms
  A dart slug (D:4)
  4 orcs (D:5)
  3 ball pythons (D:1)
  12 endoplasms
  14 goblins
  8 hobgoblins
  4 jackals (D:2)
  8 kobolds
  A quokka (D:2)
  5 bats
  6 frilled lizards
  5 rats
102 creatures vanquished.

Vanquished Creatures (others)
  A bush (D:4)
  12 plants
13 creatures vanquished.

Grand Total: 115 creatures vanquished

Notes
Turn   | Place    | Note
-------+----------+-------------------------------------------
     0 | D:1      | Exodus22XD the Demonspawn Gladiator began the quest for the
                  | Orb.
     0 | D:1      | Reached XP level 1. HP: 16/16 MP: 1/1
   222 | D:1      | Gained mutation: You have a pair of small antennae on your
                  | head. [demonic ancestry]
   222 | D:1      | Reached XP level 2. HP: 22/22 MP: 2/2
   282 | D:1      | Found a faded altar of an unknown god.
   740 | D:1      | Reached skill level 3 in Polearms
   740 | D:1      | Reached XP level 3. HP: 27/27 MP: 3/3
  1208 | D:2      | Reached skill level 1 in Armour
  1380 | D:2      | Gained mutation: Your demonic aura sometimes causes spilled
                  | blood to erupt in flames. [demonic ancestry]
  1380 | D:2      | Reached XP level 4. HP: 11/34 MP: 4/4
  1596 | D:2      | Found Wuupi's General Store.
  1921 | D:2      | Noticed Robin
  1962 | D:2      | Reached skill level 1 in Stealth
  1979 | D:2      | Killed Robin
  2460 | D:2      | Found a runed translucent door.
  2461 | D:2      | Noticed Crazy Yiuf
  2840 | D:3      | Gained mutation: You are partially covered in icy blue
                  | scales. (AC +2) [demonic ancestry]
  2840 | D:3      | Reached XP level 5. HP: 39/39 MP: 5/5
  2860 | D:3      | Reached skill level 4 in Polearms
  3280 | D:4      | Found a blossoming altar of Fedhas.
  3783 | D:4      | Found a bloodstained altar of Trog.
  3825 | D:4      | Noticed a black bear
  3832 | D:4      | Killed a black bear
  3833 | D:4      | Gained mutation: You are mostly covered in icy blue scales.
                  | (AC +3) [demonic ancestry]
  3833 | D:4      | Reached XP level 6. HP: 42/46 MP: 6/6
  4401 | D:4      | Reached skill level 5 in Polearms
  4409 | D:4      | Reached XP level 7. HP: 52/52 MP: 7/7
  4607 | D:5      | Entered Level 5 of the Dungeon
  4616 | D:5      | Reached skill level 6 in Polearms
  4633 | D:5      | Found a sacrificial altar of Ru.
  4805 | D:5      | Found Wutalol's General Store.
  4817 | D:5      | Bought a scroll of identify for 28 gold pieces
  4817 | D:5      | Identified a scroll of acquirement
  4824 | D:5      | Acquired the ring "Feisa" {rPois rF- MP+9 Str+6 Int+6}
  4892 | D:5      | Found a staircase to the Ecumenical Temple.
  4938 | Temple   | Entered the Ecumenical Temple
  4954 | Temple   | Became a worshipper of Uskayaw the Reveller
  5046 | D:5      | Found a radiant altar of Vehumet.
  5108 | D:5      | Noticed a steam dragon
  5115 | D:5      | Reached * piety under Uskayaw
  5119 | D:5      | Reached ** piety under Uskayaw
  5120 | D:5      | HP: 1/52 [steam dragon/ball of steam (17)]
  5121 | D:5      | Engulfed by a steam dragon's steam

Illustrated notes

Levels and vault maps discovered:
D:1:      dpeg_arrival_shrine, layout_loops_corners,
          shapermc_ecumenical_altar_ellora, nicolae_grassy_gnolls
D:2:      layout_basic, serial_shops, nicolae_shop_trees, minmay_pentomino_p2,
          uniq_crazy_yiuf_cottage, uniq_robin
D:3:      layout_basic, zin_statuary
D:4:      layout_basic, elyvilon_altar_1, fedhas_altar_decomposition,
          bloody_trog
D:5:      layout_gridville, marbit_many_paths, nicolae_ru_sacrificial_ziggurat,
          minmay_temple_entry_stoned_glass, serial_shops, nicolae_stop_n_shop_2
Temple:   nicolae_temple_ecumenical_triangle

Skill      XL: |  1  2  3  4  5  6  7 |
---------------+----------------------+-----
Dodging        | 3 |  3.6
Polearms       | 3 4 5 6 |  6.2
Armour         | 1 2 3 4 |  4.0
Stealth        | 1 |  1.0
Fighting       | 3 |  3.6
Throwing       | |  1.7

Action                   |  1- 3 |  4- 6 |  7- 9 || total
-------------------------+-------+-------+-------++-------
Melee: Trident           |   100 |   216 |   116 ||   432
       Punch             |     1 |     2 |       ||     3
  Use: Scroll            |       |       |     5 ||     5
 Stab: Sleeping          |     1 |       |       ||     1
Armor: Leather armour    |    12 |       |       ||    12
       Scale mail        |    28 |    66 |    40 ||   134
Dodge: Dodged            |    64 |    81 |    38 ||   183
